cohdb
Replays
Latest Replays
All Replays
Popular Replays
Top Player Replays
Match Explorer
How It Works
Community
CoH3 Stats
Reddit
Sign in to upload your games and track your stats! →
Sign in with Steam
Match 43577441
Unlisted
Match 43577441
Overview
Messages
Build Orders
End
Selects Italian Combined Arms Battlegroup
Selects Bersaglieri Squad
Bersaglieri Squad
Panzergrenadier Squad
Bersaglieri Squad
Construct Light Support Kompanie
2.5-tonne Medical Truck
Selects Bersaglieri Bolster
Panzerjäger Squad
Fire Support Elements
Flakvierling Half-track
Vehicle Survival Package
Construct Panzerarmee Kommand
Selects Semovente da 75/18 Assault Gun
Selects Strafing Run
Strafing Run
Walking Stuka Rocket Launcher
Rapid Advance
Selects Artillery Cover
Armored Reserves
Panzerpioneer Squad
Pak 38 Anti-tank Gun Team
Artillery Cover
Tungsten Core Ammunition
Selects Breda Model 30 Light Machine Guns
Tiger Heavy Tank
Bersaglieri Squad
Strafing Run
Emergency Repair Kits
Artillery Cover
Strafing Run
Panzer IV Assault Group
Panzerpioneer Squad
Strafing Run
[DVK]DiplomAgronom
StigsCzechCousin
Dahlian
Bish Bash Bosh
0
0
Comments
sign in to comment!
No comments posted yet!